 Dungeon Crawl Stone Soup version 0.29-a0-317-gd16b76e6b1 (webtiles) character file.

Game seed: 17811015417526857941

11 JuicyJ the Grave Robber (level 2, -2/20 HPs)
             Began as a Ghoul Necromancer on Mar 31, 2022.
             Slain by a ball python (3 damage)
             ... on level 1 of the Dungeon.
             The game lasted 00:01:56 (351 turns).

JuicyJ the Grave Robber (Ghoul Necromancer)          Turns: 351, Time: 00:01:57

Health: -2/20      AC:  5    Str: 11    XL:     2   Next: 29%
Magic:  3/3        EV: 10    Int: 10    God:
Gold:   6          SH:  0    Dex:  9    Spells: 3/4 levels left

rFire   . . .      SeeInvis .   c - +0 quarterstaff
rCold   + . .      Faith    .   (shield currently unavailable)
rNeg    + + +      Spirit   .   d - +0 ring mail
rPois   ∞          Reflect  .   (no helmet)
rElec   .          Harm     .   e - scarf {repulsion}
rCorr   .          Rampage  .   (no gloves)
Will    .....                   (no boots)
Stlth   +.........              (no amulet)
HPRegen 0.00/turn               (no ring)
MPRegen 0.08/turn               (no ring)

@: inhibited regen, repel missiles
A: claws 1, cold resistance 1, negative energy resistance 3, inhibited
regeneration, torment resistance 2, devour on kill
a: no special abilities


You were on level 1 of the Dungeon.
You visited 1 branch of the dungeon, and saw 1 of its levels.

You collected 6 gold pieces.

Inventory:

Hand Weapons
 c - a +0 quarterstaff (weapon)
Armour
 a - a +0 robe
 d - a +0 ring mail (worn)
 e - a scarf of repulsion (worn)
Potions
 b - a potion of magic


   Skills:
 + Level 0.1 Fighting
 + Level 0.1 Staves
 + Level 0.1 Armour
 + Level 1.9 Dodging
 + Level 2.1 Stealth
 + Level 1.7 Spellcasting
 + Level 4.3 Necromancy


You had 3 spell levels left.
You knew the following spells:

 Your Spells              Type           Power      Damage    Failure   Level
a - Pain                  Necr           36%        1d5       13%         1

Your spell library contained the following spells:

 Spells                   Type           Power      Damage    Failure   Level
 Animate Skeleton         Necr           18%        N/A       13%         1
 Vampiric Draining        Necr           9%         2d6       36%         3
 Animate Dead             Necr           4%         N/A       77%         4
 Agony                    Necr           9%         N/A       98%         5


Dungeon Overview and Level Annotations

Branches:
Dungeon (1/15)

Altars:


Innate Abilities, Weirdness & Mutations

You are immune to poison.
You have sharp fingernails.
Your flesh is cold resistant. (rC+)
You are immune to negative energy. (rN+++)
You do not regenerate when monsters are visible.
You are immune to unholy pain and torment.
You thrive by killing the living.


Message History

You hit the hobgoblin.
The hobgoblin is lightly wounded.
The hobgoblin barely misses you. The ball python bites you.
The ball python barely misses you. The hobgoblin hits you.
You hit the hobgoblin.
The hobgoblin is heavily wounded.
The ball python misses you. x2; The hobgoblin barely misses you.
You barely miss the hobgoblin.
The hobgoblin is heavily wounded.
The ball python bites you. The ball python grabs you.
The ball python constricts you. The hobgoblin completely misses you.
The ball python barely misses you. The ball python constricts you.
You closely miss the hobgoblin.
The hobgoblin is heavily wounded.
The hobgoblin closely misses you. The ball python barely misses you.
The ball python constricts you.
You hit the hobgoblin.
The hobgoblin is severely wounded.
The ball python bites you.
* * * LOW HITPOINT WARNING * * *
The ball python constricts you. The hobgoblin hits you.
* * * LOW HITPOINT WARNING * * *
The ball python bites you but does no damage.
The ball python constricts you. The hobgoblin barely misses you.
You hit the hobgoblin.
You kill the hobgoblin!
You feel better.
The ball python bites you but does no damage.
The ball python constricts you. The ball python bites you.
* * * LOW HITPOINT WARNING * * *
The ball python constricts you.
* * * LOW HITPOINT WARNING * * *
You escape the ball python's grasp.
Things that are here:
11 gold pieces; a hobgoblin corpse The ball python bites you but does no damage.
The ball python grabs you. The ball python constricts you.
You escape the ball python's grasp.
The ball python bites you.
You die...

#... .#.#.#.### #..#
..$.....# ### #..#
##.....#.# ..# ###..#
#........ #.#
#....####......# #.#
##......##.#..:#
#.#######...#.#.#...#[#
......).........@S..$.#
#.#######.###.#.#.....#
#.# #.# #.........# #.#
#.# #.######..... ..#
##...## #####.. ### ..#
.. ... # #.#


You could see a ball python.

Vanquished Creatures
  A bat (D:1)
  2 endoplasms (D:1)
  A giant cockroach (D:1)
  2 hobgoblins (D:1)
  A frilled lizard (D:1)
  3 goblins (D:1)
10 creatures vanquished.

Notes
Turn   | Place    | Note
-------+----------+-------------------------------------------
     0 | D:1      | JuicyJ the Ghoul Necromancer began the quest for the Orb.
     0 | D:1      | Reached XP level 1. HP: 14/14 MP: 2/2
   215 | D:1      | Reached XP level 2. HP: 13/20 MP: 3/3
   346 | D:1      | HP: 1/20 [constriction (1)]
   351 | D:1      | Slain by a ball python

Illustrated notes

Levels and vault maps discovered:
D:1:      dpeg_arrival_round_b, layout_loops_ring

Action                   || total
-------------------------++-------
Melee: Quarterstaff      ||    40
Armor: Ring mail         ||    25
Dodge: Dodged            ||    43

Table legend: (Time is in decaauts)
 A = Elapsed time spent in this place.
 B = Non-inter-level travel time spent in this place.
 C = Inter-level travel time spent in this place.
 D = Time resting spent in this place.
 E = Time spent auto-exploring this place.
 F = Levels seen in this place.
 G = Mean time per level.
                   A        B        C        D        E       F      G
               +--------+--------+--------+--------+--------+-----+--------+
         Total |    362 |    362 |      0 |      0 |      0 |   1 |  362.0 |
       Dungeon |    362 |    362 |      0 |      0 |      0 |   1 |  362.0 |
               +--------+--------+--------+--------+--------+-----+--------+

Top non-repeatable levels by time:
     D:1: 362 daAuts
